 Dungeon Crawl Stone Soup version 0.19.5 (webtiles) character file.

46 miragecloak the Cudgeler (level 3, 0/29 HPs)
             Began as a Formicid Abyssal Knight on May 3, 2017.
             Was a Follower of Lugonu.
             Slain by a gnoll (3 damage)
             ... on level 1 of the Dungeon.
             The game lasted 00:01:32 (2005 turns).

miragecloak the Cudgeler (Formicid Abyssal Knight)  Turns: 2005, Time: 00:01:33

Health: 0/29       AC:  3    Str: 16    XL:     3   Next: 95%
Magic:  4/4        EV: 11    Int: 11    God:    Lugonu [*.....]
Gold:   60         SH:  0    Dex: 11    Spells: 0 memorised, 2 levels left

rFire  . . .     SeeInvis +     a - +1 mace
rCold  . . .     Gourm    .     b - +0 leather armour
rNeg   . . .     Faith    .     (no shield)
rPois  .         Spirit   .     (helmet unavailable)
rElec  .         Reflect  .     (no cloak)
rCorr  .         Harm     .     (no gloves)
MR     .....                    (no boots)
Stlth  +.........               (no amulet)
                                (no ring)
                                (no ring)

@: no status effects
A: permanent stasis, dig shafts and tunnels, four strong arms, antennae 3
a: Dig, Shaft Self, Depart the Abyss, Renounce Religion


You were on level 1 of the Dungeon.
You worshipped Lugonu.
Lugonu was aware of your devotion.
You were hungry.

You visited 1 branch of the dungeon, and saw 2 of its levels.
You visited the Abyss 1 time.

You collected 60 gold pieces.

Inventory:

Hand Weapons
 a - a +1 mace (weapon)
Armour
 b - a +0 leather armour (worn)
Scrolls
 d - a scroll of amnesia {unknown}
 e - 3 scrolls of identify {unknown}
 j - a scroll of immolation {unknown}
 k - a scroll of teleportation {unknown}
Potions
 f - a potion of cancellation {unknown}
 g - a potion of curing {unknown}
 h - a potion of mutation {unknown}
 i - a potion of lignification {unknown}
 l - a potion of heal wounds {unknown}
Comestibles
 c - 3 bread rations


   Skills:
 - Level 3.2 Fighting
 + Level 3.9 Maces & Flails
 - Level 2.1 Armour
 - Level 0.8 Dodging
 - Level 2.1 Invocations


You had 2 spell levels left.
You didn't know any spells.

Dungeon Overview and Level Annotations

Branches:
Dungeon (2/15)

Altars:


Innate Abilities, Weirdness & Mutations

You are under a permanent stasis effect.
You can dig through walls and to a lower floor.
Your four strong arms can wield two-handed weapons with a shield.
You have a pair of large antennae on your head. (SInv)


Message History

The bat hits you but does no damage.
The giant cockroach bites you but does no damage.
The gnoll closely misses you. The gnoll barely misses you.
The bat barely misses you. The bat hits you but does no damage.
The gnoll closely misses you.
The giant cockroach waves its antennae.
The giant cockroach closely misses you. The gnoll hits you!
The gnoll closely misses you.
You climb upwards.
There is a stone staircase leading down here.
You hit the gnoll.
The gnoll is heavily wounded.
The giant cockroach closely misses you. The gnoll hits you.
The gnoll closely misses you.
You closely miss the gnoll.
The gnoll is heavily wounded.
The giant cockroach misses you. The gnoll hits you.
* * * LOW HITPOINT WARNING * * *
The gnoll hits you.
You die...

######## #.######.# #####
#......# #.# #.######...#
##.####.# #.######.#...##.#.###
.....##.####.##............#...##
##.........#.##.###.#....#####...
#...##.##.#........##.#...#(...#
#...##.##.#.##.###.##.##(.#..#.#
#......##.#.##sg##.##.###...##..
##.##.###.#.###@##.##.###..###.#
#.##.###{#.# #g##.##......# #.#
#........#.###.##.######..# #.#
####.#####........# #..###.# #.#
#####.#### ##...##.# ####.# #.##
##.......# ##.##.# #..##
##.......##
##...#.#########...####.........#
......................+..........


You could see 2 gnolls and a giant cockroach.

Vanquished Creatures
  An ooze (D:1)
  A worm (D:1)
  A leopard gecko (D:1)
  4 bats (D:1)
  2 giant cockroaches (D:1)
  5 goblins (D:1)
  5 hobgoblins
  5 frilled lizards (D:1)
  4 kobolds (D:1)
  11 rats (D:1)
39 creatures vanquished.

Notes
Turn   | Place    | Note
-------+----------+-------------------------------------------
     0 | Abyss:1  | miragecloak the Formicid Abyssal Knight began the quest for the Orb.
     0 | Abyss:1  | Reached XP level 1. HP: 18/18 MP: 2/2
    84 | Abyss:1  | Noticed an efreet
    85 | D:1      | Escaped the Abyss
   220 | D:1      | Reached XP level 2. HP: 7/24 MP: 3/3
   606 | D:1      | Reached * piety under Lugonu
  1100 | D:1      | Reached XP level 3. HP: 21/29 MP: 4/4
  2005 | D:1      | Slain by a gnoll

Skill      XL: |  1  2 |
---------------+-------+-----
Maces & Flails | 3 |  3.9
Fighting       | |  3.2
Armour         | |  2.1
Dodging        | |  0.8
Invocations    | |  2.1

Action                   || total
-------------------------++-------
Melee: Mace              ||   110
Invok: Depart the Abyss  ||     1
  Eat: Chunk             ||     3
Armor: Leather armour    ||    45
Dodge: Dodged            ||    91
